 Dungeon Crawl Stone Soup version 0.30.0-5-g1a98f26d00 (webtiles) character file.

Game seed: 12671323876507272937

4709 browni3141 the Basher (level 10, -1/70 HPs)
             Began as a Formicid Ice Elementalist on May 11, 2023.
             Was a Priest of Zin.
             Slain by a wolf spider (18 damage)
             ... on level 9 of the Dungeon.
             The game lasted 00:19:06 (9463 turns).

browni3141 the Basher (Formicid Ice Elementalist)   Turns: 9463, Time: 00:19:06

Health: -1/70      AC:  8    Str: 20    XL:     10   Next: 73%
Magic:  7/14       EV: 12    Int: 18    God:    Zin [***...]
Gold:   450        SH:  0    Dex: 17    Spells: 4/15 levels left

rFire   + . .        B - +9 whip "Haicueni" {spect, Dex+3}
rCold   + + .        (no shield)
rNeg    . . .        G - +1 ring mail {rC+}
rPois   .            (helmet unavailable)
rElec   .            E - scarf {rC+ rF+}
rCorr   .            u - +0 pair of gloves
SInv    +            (no boots)
Will    ++...        (no amulet)
Stlth   +++          q - +6 ring of strength
HPRegen 0.31/turn    v - ring of willpower
MPRegen 0.14/turn

%: no passive effects
@: freezing walls
A: permanent stasis, dig shafts and tunnels, antennae 3, four strong arms
a: Dig, Shaft Self, Renounce Religion, Recite, Vitalisation, Imprison, Donate
Gold


You were on level 9 of the Dungeon.
You worshipped Zin.
Zin was most pleased with you.
You visited 2 branches of the dungeon, and saw 10 of its levels.
You also visited: Sewer.

You collected 499 gold pieces.
You donated 49 gold pieces to Zin.

Inventory:

Hand Weapons
 B - the +9 whip "Haicueni" (weapon) {spect, Dex+3}
   (You found it on level 5 of the Dungeon)

   Dex:       It affects your dexterity (+3).
 K - a +0 dagger of venom
 X - a +0 falchion
Missiles
 J - 4 poisoned darts
 T - 9 boomerangs
 Z - 2 throwing nets
Armour
 a - a +0 robe
 l - a +1 robe of cold resistance
 u - a +0 pair of gloves (worn)
 E - a scarf of resistance (worn)
 G - a +1 ring mail of cold resistance (worn)
 V - a +0 pair of boots
Magical Staves
 z - a staff of air
 D - a staff of death
Jewellery
 k - a ring of fire
 q - a +6 ring of strength (left hand)
 v - a ring of willpower (right hand)
Wands
 I - a wand of iceblast (21)
Scrolls
 i - a scroll of immolation {unknown}
 o - 3 scrolls of torment {unknown}
 r - 5 scrolls of blinking {unknown}
 s - a scroll of brand weapon {unknown}
 t - 6 scrolls of teleportation {unknown}
 w - a scroll of butterflies {unknown}
 y - 3 scrolls of poison {unknown}
 H - a scroll of acquirement {unknown}
 L - 3 scrolls of magic mapping {unknown}
 Q - 2 scrolls of fear {unknown}
 S - 3 scrolls of enchant weapon {unknown}
 U - a scroll of enchant armour {unknown}
 W - 8 scrolls of identify {unknown}
Potions
 j - a potion of brilliance {unknown}
 m - 2 potions of magic
 n - 2 potions of degeneration {unknown}
 p - 2 potions of cancellation {unknown}
 x - a potion of attraction {unknown}
 A - a potion of invisibility {unknown}
 C - 3 potions of curing
 F - a potion of ambrosia {unknown}
 M - 6 potions of haste {unknown}
 N - a potion of experience {unknown}
 O - a potion of resistance {unknown}
 P - 3 potions of flight {unknown}
 R - 4 potions of might {unknown}
 Y - 2 potions of lignification {unknown}


   Skills:
 + Level 3.1 Fighting
 - Level 1.0 Short Blades
 * Level 9.0 Maces & Flails
 - Level 4.0 Armour
 - Level 3.0 Dodging
 * Level 6.0 Stealth
 - Level 3.0 Spellcasting
 - Level 3.0 Summonings
 - Level 8.0 Ice Magic
 * Level 6.5 Invocations


You had 4 spell levels left.
You knew the following spells:

 Your Spells              Type           Power      Damage    Failure   Level
b - Summon Ice Beast      Ice/Summ       22%        N/A       26%         4
o - Ozocubu's Armour      Ice            31%        N/A       3%          3
r - Frozen Ramparts       Ice            62%        1d10      3%          3
z - Freeze                Ice            100%       1d10      1%          1

Your spell library contained the following spells:

 Spells                   Type           Power      Damage    Failure   Level
 Sting                    Tmut/Pois      8%         1d3       26%         1
 Poisonous Vapours        Pois/Air       4%         N/A       36%         2
 Anguish                  Hex/Necr       1%         N/A       95%         4
 Cause Fear               Hex            1%         N/A       95%         4
 Olgreb's Toxic Radiance  Pois           2%         N/A       95%         4
 Enfeeble                 Hex            1%         N/A       100%        7


Dungeon Overview and Level Annotations

Branches:
Dungeon (9/15)             Temple (1/1) D:6            Lair (0/5) D:8
  Sewer (visited)
    Orc: D:9-12

Altars:
Ashenzari
Cheibriados
Dithmenos
Elyvilon
Fedhas
Gozag
Hepliaklqana
Kikubaaqudgha
Makhleb
Nemelex Xobeh
Okawaru
Qazlal
Ru
Sif Muna
Trog
Uskayaw
Vehumet
Wu Jian
Xom
Yredelemnul
Zin
The Shining One

Shops:
D:1 :

Annotations:
D:3 2 transporters
D:7 2 transporters, monsoonserge's ghost, novice MeCA
D:9 exclusion: two-headed ogre


Innate Abilities, Weirdness & Mutations

You cannot be hasted, slowed, berserked, paralysed or teleported.
You can dig through walls and to a lower floor.
You have a pair of large antennae on your head. (SInv)
Your four strong arms can wield two-handed weapons with a shield.


Message History

You hear a shout! x3; You hear two shouts!
You hit the steam dragon.
The steam dragon is almost dead.
Your +9 whip "Haicueni" {spect, Dex+3} hits the steam dragon!
You kill the steam dragon!
A killer bee comes into view.
The killer bee closely misses you.
Your Fighting skill increases to level 3!
You hit the killer bee.
The killer bee is moderately wounded.
Your +9 whip "Haicueni" {spect, Dex+3} hits the killer bee!
You kill the killer bee!
You hit the centaur.
The centaur is lightly wounded.
Your +9 whip "Haicueni" {spect, Dex+3} hits the centaur!
The centaur hits you but does no damage.
The centaur closely misses you.
You whack the centaur!
You kill the centaur!
Your +9 whip "Haicueni" {spect, Dex+3} disappears.
You barely miss the howler monkey.
Your +9 whip "Haicueni" {spect, Dex+3} hits the howler monkey.
The howler monkey closely misses you.
You whack the howler monkey!
The howler monkey is heavily wounded.
Your +9 whip "Haicueni" {spect, Dex+3} hits the howler monkey!
You whack the howler monkey!
You kill the howler monkey!
Your +9 whip "Haicueni" {spect, Dex+3} disappears.
Your Maces & Flails skill increases to level 9!
You sense a monster nearby.
You pay a tithe of 2 gold.
You now have 450 gold pieces (gained 21).
You sense a monster nearby.
Things that are here:
a +0 shortbow; a centaur corpse; a killer bee corpse
M - 6 pink potions (gained 1)
P - 3 lumpy brown potions (gained 1)
A steam dragon comes into view.
The steam dragon breathes steam at you. The ball of steam misses you.
The steam dragon misses you. The steam dragon closely misses you.
Things that are here:
a +0 shortbow; a centaur corpse; a killer bee corpse You completely miss the steam dragon.
Your +9 whip "Haicueni" {spect, Dex+3} hits the steam dragon but does no damage.
The steam dragon bites you!
The steam dragon claws you but does no damage.
You hit the steam dragon but do no damage.
Your +9 whip "Haicueni" {spect, Dex+3} hits the steam dragon but does no damage.
You whack the steam dragon!
The steam dragon is moderately wounded.
Your +9 whip "Haicueni" {spect, Dex+3} hits the steam dragon but does no damage.
The steam dragon bites you but does no damage.
The steam dragon barely misses you.
You hit the steam dragon.
The steam dragon is moderately wounded.
Your +9 whip "Haicueni" {spect, Dex+3} hits the steam dragon.
You hit the steam dragon.
The steam dragon is heavily wounded.
Your +9 whip "Haicueni" {spect, Dex+3} hits the steam dragon!
The steam dragon bites you! The steam dragon barely misses you.
You are too injured to fight recklessly!
The steam dragon attacks as you move away!
The steam dragon barely misses you. The steam dragon claws you.
Your +9 whip "Haicueni" {spect, Dex+3} disappears.
You are too injured to fight recklessly!
You are too injured to fight recklessly!
You closely miss the steam dragon.
The steam dragon is almost dead.
Your +9 whip "Haicueni" {spect, Dex+3} hits the steam dragon.
You kill the steam dragon!
The steam dragon scales are intact enough to wear.
Your Stealth skill increases to level 6!
Your +9 whip "Haicueni" {spect, Dex+3} disappears.
You sense a monster nearby.
A wolf spider comes into view.
A wolf spider is nearby!
Casting: Frozen Ramparts (dangerous; 3% risk of failure)
Confirm with . or Enter, or press ? or * to list all spells.
A chill wind blows around you.
The wolf spider's many legs skitter.
The wolf spider hits you! The wolf spider bites you.
Casting: Summon Ice Beast (dangerous; 26% risk of failure)
Confirm with . or Enter, or press ? or * to list all spells.
Casting: Frozen Ramparts (dangerous; 3% risk of failure)
Press: ? - help, Dir - look around, f - activate The walls around you are covered in ice.
The wall freezes the wolf spider.
The wolf spider hits you. The wolf spider bites you!
* * * LOW HITPOINT WARNING * * *
You are poisoned.
The wolf spider poisons you!
The wall freezes the wolf spider.
The wolf spider hits you!
* * * LOW HITPOINT WARNING * * *
The wolf spider bites you!
* * * LOW HITPOINT WARNING * * *
Your ice beast barely misses the wolf spider.
You feel better.
The wall freezes the wolf spider.
The wolf spider hits you!!
You die...

#.# ##........ #.#
######.#####.#
#.###...##.#
#..#..#..#.#
#....###...#
#.#.##.##..## {
##....#Y'....##
##.)#.##s##.#..##
##..####.@.####..#
#..##?.......$##.#####..
#...####...####.........
#.#..#.##.##.#..########
#.......#.#{...##
###....##?##.#.#
##[...###..#.###
#..#..#.......#
#..##...###.#.#


You could see a wolf spider (ally target) and a friendly ice beast (summoned).

Vanquished Creatures
  A two-headed ogre (D:8)
  Grinder (D:4)
  A yak (D:8)
  2 wyverns
  4 steam dragons
  An orc warrior (D:8)
  3 ice beasts
  2 black bears
  An ogre (D:4)
  6 centaurs
  6 bullfrogs
  A scorpion (D:4)
  A killer bee (D:9)
  5 howler monkeys
  3 jellies
  5 orc priests
  A hound (D:6)
  A sleepcap (D:5)
  Natasha (thrice) (D:4)
  3 iguanas
  6 orc wizards
  23 gnolls
  11 adders
  3 river rats (Sewer)
  A shadow imp (D:6)
  A white imp (D:7)
  An ufetubus (D:7)
  3 worms
  4 dart slugs
  38 orcs
  14 ball pythons
  8 bats
  3 endoplasms
  3 giant cockroaches
  7 goblins
  6 hobgoblins
  18 jackals
  7 quokkas
  7 frilled lizards
  9 kobolds
  27 rats
251 creatures vanquished.

Notes
Turn   | Place    | Note
-------+----------+-------------------------------------------
     0 | D:1      | browni3141 the Formicid Ice Elementalist began the quest
                  | for the Orb.
     0 | D:1      | Reached XP level 1. HP: 13/13 MP: 3/3
     0 | D:1      | Noticed a spriggan
     1 | D:1      | Noticed a minotaur
     1 | D:1      | Noticed a barachi
     3 | D:1      | Noticed a human
     3 | D:1      | Noticed a ghoul
     7 | D:1      | Noticed an octopode
    11 | D:1      | Noticed a vampire
    13 | D:1      | Noticed a minotaur
    15 | D:1      | Noticed a tengu
    15 | D:1      | Noticed a vine stalker
    17 | D:1      | Noticed a draconian
    17 | D:1      | Noticed a spriggan
    19 | D:1      | Noticed an ogre
    19 | D:1      | Noticed a tengu
   225 | D:1      | Reached XP level 2. HP: 19/19 MP: 3/5
   371 | D:1      | Found Pupoj's Book Shop.
   518 | D:1      | Reached skill level 3 in Stealth
   636 | D:1      | Reached XP level 3. HP: 24/24 MP: 4/6
  1307 | D:2      | Identified the +1 spear of Taadwor {heavy, rCorr Str+9
                  | Dex-5}
  1339 | D:2      | Found a faded altar of an unknown god.
  1452 | D:2      | Reached XP level 4. HP: 30/30 MP: 3/8
  1456 | D:2      | Learned a level 3 spell: Frozen Ramparts
  1460 | D:2      | Learned a level 3 spell: Ozocubu's Armour
  1888 | D:3      | Noticed a black bear
  2132 | D:3      | Found a transporter.
  2132 | D:3      | Found a transporter.
  2146 | D:3      | Found a hide-covered altar of Uskayaw.
  2146 | D:3      | Found a radiant altar of Vehumet.
  2234 | D:3      | Found a glowing drain.
  2288 | Sewer    | Entered a sewer
  2314 | Sewer    | Reached skill level 3 in Spellcasting
  2407 | Sewer    | Reached XP level 5. HP: 37/37 MP: 9/9
  2877 | Sewer    | Noticed a bullfrog
  2884 | Sewer    | Noticed a bullfrog
  2894 | Sewer    | Killed a bullfrog
  2895 | Sewer    | Reached skill level 3 in Dodging
  2895 | Sewer    | Reached XP level 6. HP: 28/44 MP: 10/10
  3168 | D:3      | Killed a black bear
  3169 | D:3      | Reached skill level 6 in Ice Magic
  3169 | D:3      | Reached XP level 7. HP: 46/50 MP: 1/11
  3174 | D:3      | Learned a level 4 spell: Summon Ice Beast
  3783 | D:4      | Noticed Grinder
  4069 | D:4      | Noticed Natasha
  4079 | D:4      | Killed Natasha
  4289 | D:4      | Found an ancient bone altar of Kikubaaqudgha.
  4289 | D:4      | Found a stormy altar of Qazlal.
  4355 | D:4      | Reached XP level 8. HP: 54/56 MP: 5/12
  4467 | D:5      | Entered Level 5 of the Dungeon
  4509 | D:5      | Reached skill level 3 in Summonings
  4627 | D:5      | You fall into a shaft and drop 2 floors!
  4946 | D:6      | Found a sacrificial altar of Ru.
  4949 | D:6      | Found a white marble altar of Elyvilon.
  4966 | D:6      | Became a worshipper of Elyvilon the Healer
  4980 | D:6      | Reached skill level 3 in Armour
  5261 | D:5      | Identified the +9 whip "Haicueni" {spect, Dex+3}
  5655 | D:5      | Reached * piety under Elyvilon
  6021 | D:5      | Reached skill level 3 in Invocations
  6353 | D:6      | Reached skill level 1 in Maces & Flails
  6353 | D:6      | Reached XP level 9. HP: 61/61 MP: 13/13
  6390 | D:6      | Found a staircase to the Ecumenical Temple.
  6411 | Temple   | Entered the Ecumenical Temple
  6470 | Temple   | Fell from the grace of Elyvilon
  6470 | Temple   | Became a worshipper of Zin the Law-Giver
  6470 | Temple   | Reached * piety under Zin
  6470 | Temple   | Reached ** piety under Zin
  6689 | D:7      | Reached skill level 2 in Maces & Flails
  6800 | D:7      | Reached skill level 3 in Maces & Flails
  6817 | D:7      | Reached skill level 4 in Maces & Flails
  6921 | D:4      | Killed Grinder
  6922 | D:4      | Reached skill level 5 in Maces & Flails
  7127 | D:4      | Noticed Natasha
  7130 | D:4      | Killed Natasha
  7140 | D:4      | Reached skill level 6 in Maces & Flails
  7422 | D:4      | Noticed Natasha
  7427 | D:4      | Killed Natasha
  7740 | D:7      | Noticed a troll
  7741 | D:7      | Found a transporter.
  7741 | D:7      | Noticed monsoonserge's ghost (novice MeCA)
  7961 | D:7      | Found a transporter.
  8303 | D:8      | Reached skill level 7 in Maces & Flails
  8303 | D:8      | Reached XP level 10. HP: 52/67 MP: 14/14
  8428 | D:8      | Reached *** piety under Zin
  8439 | D:8      | Found a staircase to the Lair.
  8444 | D:8      | Reached skill level 8 in Maces & Flails
  8735 | D:8      | Found a blossoming altar of Fedhas.
  8767 | D:8      | Found a shimmering altar of Xom.
  8886 | D:8      | Found an opulent altar of Gozag.
  9048 | D:9      | Noticed a two-headed ogre
  9064 | D:8      | Killed a two-headed ogre
  9065 | D:8      | Reached skill level 6 in Invocations
  9248 | D:9      | Noticed a two-headed ogre
  9408 | D:9      | Reached skill level 3 in Fighting
  9414 | D:9      | Reached skill level 9 in Maces & Flails
  9436 | D:9      | Reached skill level 6 in Stealth
  9460 | D:9      | Noticed a wolf spider
  9463 | D:9      | Slain by a wolf spider

Illustrated notes

Levels and vault maps discovered:
D:1:      shiori_arrival_whats_in_store_for_you, layout_basic, serial_shops,
          nicolae_shop_peninsula, amethyst_killhole
D:2:      minmay_chambers_of_ones, layout_rooms,
          hellmonk_ecumenical_altar_run_dry, minmay_tromino_v4_c
D:3:      layout_basic, gammafunk_temple_overflow_arena,
          cheibrodos_sewer_entry_bend
D:4:      lemuel_castle_with_subvaults [lemuel_castle_interior_carwin_3],
          layout_basic, mainiacjoe_overflow_large_starburst, uniq_natasha,
          uniq_grinder
D:5:      layout_gridville, hangedman_decor_lopped, kennysheep_big_empty_room,
          corexii_checkpoint_a
D:6:      layout_loops_cross, nicolae_overflow_squiral,
          minmay_temple_entry_butterflies
D:7:      layout_loops_corners, gammafunk_ghost_arena
D:8:      layout_gridville, xom_teletrap_fun,
          mainiacjoe_overflow_small_starburst, mainiacjoe_overflow_alcove_1,
          grunt_lair_entry_orc_guard_hut, minmay_door_square
D:9:      minmay_chopped_fan, layout_loops_ring, serial_shops, shop,
          ebering_dispersal_statue_hall, minmay_fractal_squares_gapless_5
Temple:   cyrus_circular_temple

Skill      XL: |  1  2  3  4  5  6  7  8  9 10 |
---------------+-------------------------------+-----
Dodging        | 2 3 |  3.0
Stealth        | 3 4 6 |  6.0
Fighting       | 1 2 3 |  3.1
Spellcasting   | 3 |  3.0
Ice Magic      | 5 6 7 8 |  8.0
Summonings     | 2 3 |  3.0
Short Blades   | 1 |  1.0
Armour         | 4 |  4.0
Invocations    | 3 5 6 |  6.5
Maces & Flails | 1 7 9 |  9.0

Action                     |  1- 3 |  4- 6 |  7- 9 | 10-12 || total
---------------------------+-------+-------+-------+-------++-------
  Melee: Unarmed           |    19 |       |       |       ||    19
         Falchion          |    18 |    62 |     1 |       ||    81
         Dagger            |       |       |    59 |       ||    59
         Punch             |       |       |     5 |       ||     5
         Whip              |       |       |   113 |    63 ||   176
   Cast: Freeze            |    46 |    74 |    86 |       ||   206
         Frozen Ramparts   |       |     7 |    12 |     1 ||    20
         Ozocubu's Armour  |       |     1 |     8 |       ||     9
         Summon Ice Beast  |       |       |       |     1 ||     1
 Invoke: Recite            |       |       |     3 |     1 ||     4
Ability: Dig               |       |     1 |       |       ||     1
    Use: Potion            |       |     4 |       |     3 ||     7
   Stab: Sleeping          |     3 |       |     4 |     2 ||     9
         Distracted        |       |       |     1 |       ||     1
 Armour: Robe              |    21 |    40 |    11 |       ||    72
         Ring mail         |       |       |    48 |    12 ||    60
  Dodge: Dodged            |    54 |   113 |   156 |    32 ||   355
